 Dungeon Crawl Stone Soup version 0.17-a0-1970-g7a13dd1 (webtiles) character file.

40 George the Cudgeler (level 3, -2/23 HPs)
             Began as a Gargoyle Fighter on Oct 4, 2015.
             Was an Initiate of Okawaru.
             Slain by a worm (5 damage)
             ... on level 2 of the Dungeon.
             The game lasted 00:02:28 (1398 turns).

George the Cudgeler (Gargoyle Fighter)              Turns: 1398, Time: 00:02:28

Health: -2/23      AC: 12    Str: 19    XL:     3   Next: 50%
Magic:  3/3        EV:  5    Int:  8    God:    Okawaru [......]
Gold:   105        SH:  9    Dex: 10    Spells: 0 memorised, 2 levels left

rFire  . . .     SeeInvis .     a - +0 flail
rCold  . . .     Clarity  .     k - +0 chain mail
rNeg   + . .     SustAt   .     c - +0 shield
rPois  ∞         Gourm    .     (no helmet)
rElec  +         Spirit   .     (no cloak)
rCorr  .         Warding  .     (no gloves)
rMut   .         Stasis   .     (no boots)
MR     .....                    (no amulet)
Stlth  ..........               (no ring)
                                (no ring)

@: not resistant to hostile enchantments, extremely unstealthy
A: negative energy resistance 1, electricity resistance, unbreathing,
petrification resistance, rot immunity, AC +3
a: Renounce Religion


You were on level 2 of the Dungeon.
You worshipped Okawaru.
Okawaru was noncommittal.
You were not hungry.

You visited 1 branch of the dungeon, and saw 2 of its levels.

You collected 105 gold pieces.

Inventory:

Hand weapons
 a - a +0 flail (weapon)
Armour
 c - a +0 shield (worn)
 k - a +0 chain mail (worn)
Scrolls
 g - 4 scrolls of identify {unknown}
 i - a scroll of teleportation {unknown}
 j - a scroll of blinking {unknown}
Potions
 d - 2 potions of might
 f - a potion of curing {unknown}
Comestibles
 e - 2 bread rations
 h - a slice of pizza


   Skills:
 - Level 3.2 Fighting
 + Level 3.6 Maces & Flails
 - Level 3.2 Armour
 - Level 3.2 Shields
 + Level 0.7 Invocations


You had 2 spell levels left.
You didn't know any spells.

Dungeon Overview and Level Annotations

Branches:
Dungeon (2/15)

Altars:
Okawaru
Sif Muna
Xom
The Shining One

Annotations:
D:1 fire: boots, cloak


Innate Abilities, Weirdness & Mutations

You are resistant to torment.
Your stone body is resilient (AC +3).
You are immune to poison.
You resist negative energy.
You are resistant to electric shocks.
You can survive without breathing.
You are immune to petrification.
You are immune to rotting.


Message History

The worm bites you but does no damage.
You hit the worm but do no damage.
The worm is moderately wounded.
The worm bites you.
You hit the worm.
The worm is heavily wounded.
You block the worm's attack.
You barely miss the worm.
The worm is moderately wounded.
You barely miss the worm.
The worm is moderately wounded.
The worm bites you.
You hit the worm.
The worm is heavily wounded.
The worm bites you!
* * * LOW HITPOINT WARNING * * *
Your chain mail prevents you from hitting the worm.
The worm is moderately wounded.
The worm bites you.
You die...

#.........................
#.######.#.#####..##..###)
#.# #.#.#####..###.##..
### #####...............
##.# #.........#.##.. #...
#.#####.........
...##............#..
#.w#.######.##..# .
#@#............#..
#...######.....#..
##..######.....#..
#........#.#..#..
##.#####.#.......
................
<(##..#....>####
###.##.......##...
....##.(#....#.8.8


You could see a worm.

Vanquished Creatures
  3 worms (D:2)
  2 giant geckos
  3 giant cockroaches
  2 hobgoblins (D:2)
  3 kobolds
  2 ball pythons (D:1)
  3 bats (D:1)
  4 giant newts
  4 goblins (D:1)
  7 rats
33 creatures vanquished.

Vanquished Creatures (others)
  A rat (D:1)
1 creature vanquished.

Grand Total: 34 creatures vanquished

Notes
Turn   | Place    | Note
--------------------------------------------------------------
     0 | D:1      | George the Gargoyle Fighter began the quest for the Orb.
     0 | D:1      | Reached XP level 1. HP: 14/14 MP: 1/1
   209 | D:1      | Reached XP level 2. HP: 19/19 MP: 2/2
  1088 | D:2      | Reached XP level 3. HP: 23/23 MP: 3/3
  1122 | D:2      | Found an iron altar of Okawaru.
  1125 | D:2      | Found a shimmering altar of Xom.
  1131 | D:2      | Became a worshipper of Warmaster Okawaru
  1150 | D:2      | Found a glowing golden altar of the Shining One.
  1167 | D:2      | Found a deep blue altar of Sif Muna.
  1398 | D:2      | Slain by a worm

Vault maps used:
D:1:      ncdulo_halloftheorcs, st_stairs_5, minmay_misc_feat_four_crosses,
          lemuel_flame_loot_1
D:2:      grunt_temple_overflow_cloverleaf, serial_curves, eino_curves_04,
          eino_curves_03, eino_curves_03, first_bread, minmay_statues_item

Action                   || total
-------------------------++-------
Melee: Flail             ||   116
  Eat: Chunk             ||     2
